 Dungeon Crawl Stone Soup version 0.22-a0-571-g4a923d4 (webtiles) character file.

49 iamserjio the Skirmisher (level 3, -9/24 HPs)
             Began as a Gargoyle Fighter on July 1, 2018.
             Mangled by Sigmund
             ... wielding a +4 scythe of protection
              (10 damage)
             ... on level 3 of the Dungeon.
             The game lasted 00:01:58 (357 turns).

iamserjio the Skirmisher (Gargoyle Fighter)          Turns: 357, Time: 00:01:59

Health: -9/24      AC: 11    Str: 24    XL:     3   Next: 75%
Magic:  3/3        EV:  7    Int:  8    God:
Gold:   0          SH:  9    Dex: 10    Spells: 2/2 levels left

rFire    . . .     SeeInvis .   a - +0 war axe
rCold    . . .     Gourm    .   c - +0 shield
rNeg     + . .     Faith    .   b - +0 scale mail
rPois    ∞         Spirit   .   (no helmet)
rElec    +         Reflect  .   (no cloak)
rCorr    .         Harm     .   n - +0 pair of gloves
MR       .....                  (no boots)
Stlth    ..........             (no amulet)
HPRegen  0.08/turn              (no ring)
MPRegen  0.08/turn              (no ring)

@: mighty
A: negative energy resistance 1, electricity resistance, unbreathing,
petrification resistance, rot immunity, AC +3
a: no special abilities


You were on level 3 of the Dungeon.
You were not hungry.

You visited 1 branch of the dungeon, and saw 3 of its levels.

Inventory:

Hand Weapons
 a - a +0 war axe (weapon)
 k - a +0 longbow
Missiles
 h - 8 javelins (quivered)
Armour
 b - a +0 scale mail (worn)
 c - a +0 shield (worn)
 n - a +0 pair of gloves (worn)
Jewellery
 e - an uncursed ring of fire {unknown}
 g - a cursed ring of teleportation {unknown}
 j - an uncursed ring of stealth {unknown}
Scrolls
 i - 2 scrolls of remove curse {unknown}
 l - a scroll of identify {unknown}
Comestibles
 d - 4 chunks of flesh
 f - 2 rations


   Skills:
 + Level 3.7 Fighting
 * Level 2.6 Axes
 + Level 3.7 Armour
 + Level 3.7 Shields


You had 2 spell levels left.
You didn't know any spells.
Your spell library was empty.

Dungeon Overview and Level Annotations

Branches:
Dungeon (3/15)

Altars:

Annotations:
D:3 Sigmund


Innate Abilities, Weirdness & Mutations

You are resistant to torment.
Your stone body is resilient. (AC +3)
You are immune to poison.
You resist negative energy. (rN+)
You are resistant to electric shocks. (rElec)
You can survive without breathing.
You are immune to petrification.
You are immune to rotting.


Message History

Sigmund hits you with a scythe of protection.
You closely miss Sigmund. You block Sigmund's attack.
You slice Sigmund!!
Sigmund is severely wounded.
Sigmund hits you with a scythe of protection.
You hit Sigmund but do no damage.
Sigmund is severely wounded.
Sigmund mumbles some strange words.
Sigmund flickers and vanishes!
Deactivating autopickup; reactivate with Ctrl-A.
You block something's attack.
You barely miss something. Something hits you.
You closely miss something.
You hear some strange, mumbled words.
A puff of flame appears from out of thin air!
The puff of flame hits you!
You miss something. Something hits you!
* * * LOW HITPOINT WARNING * * *
You closely miss something. Something hits you!
You die...

.. #.# .## .. ..# #
#. ... #######.
#.## #.# #.......
#..# #.# #...##.#
#.####.####...##.#
#@{.......#......#
#..###.##.#....#).
#..# #.##.#....#.#
#... #.##.#....#.#
....##.##.#....#.#
#.....#.##.##'#.#.#
#...#.#.......#.#..
#...#.#.......#.###
....#.........#.###


There were no monsters in sight!

Vanquished Creatures
  4 gnolls (D:3)
  An orc (D:3)
  A bat (D:3)
  2 giant cockroaches (D:2)
  2 frilled lizards (D:2)
  A kobold (D:1)
  A rat (D:2)
12 creatures vanquished.

Notes
Turn   | Place    | Note
-------+----------+-------------------------------------------
     0 | D:1      | iamserjio the Gargoyle Fighter began the quest for the Orb.
     0 | D:1      | Reached XP level 1. HP: 14/14 MP: 1/1
   210 | D:3      | Reached XP level 2. HP: 18/19 MP: 2/2
   218 | D:3      | Reached XP level 3. HP: 17/23 MP: 3/3
   338 | D:3      | Noticed Sigmund
   356 | D:3      | HP: 1/24 [something (7)]
   357 | D:3      | Mangled by Sigmund

Vault maps used:
D:1:      dpeg_arrival_rooms_b
D:2:      overflow_temple_1_default
D:3:      nicolae_overflow_hidden_temple, lemuel_crystal_altar,
          lemuel_doored_altar, marbit_many_paths, first_ration,
          chequers_ecumenical_altar_simple, uniq_sigmund

Skill      XL: |  1 |
---------------+----+-----
Axes           | 2 |  2.6
Fighting       | |  3.7
Armour         | |  3.7
Shields        | |  3.7

Action                   || total
-------------------------++-------
Melee: War axe           ||    48
  Use: Potion            ||     2
Armor: Scale mail        ||    19
Dodge: Dodged            ||    15
Block: Shield            ||    16

Table legend:
 A = Spawn XP
 B = Non-spawn XP
 C = Spawn XP percentage of total XP
 D = Spawn monster count
 E = Non-spawn monster count
 F = Spawn count percentage of total count
 G = Total turns spent on level
                    A         B        C        D         E        F      G
               +---------+---------+-------+---------+---------+-------+---------
         Total |       0 |      70 |   0.0 |       0 |      12 |   0.0 |   357
               +---------+---------+-------+---------+---------+-------+---------
           D:1 |       0 |       1 |   0.0 |       0 |       1 |   0.0 |    98
           D:2 |       0 |       7 |   0.0 |       0 |       5 |   0.0 |   109
           D:3 |       0 |      62 |   0.0 |       0 |       6 |   0.0 |   150
               +---------+---------+-------+---------+---------+-------+---------
